 Dungeon Crawl Stone Soup version 0.15-a0-413-gc6111ba (webtiles) character file.

152 4tharraofdagon the Insei (level 4, 0/24 HPs)
             Began as a Vine Stalker Monk on May 5, 2014.
             Slain by a worker ant (5 damage)
             ... on Level 3 of the Dungeon.
             The game lasted 00:03:56 (617 turns).

4tharraofdagon the Insei (Vine Stalker Monk)         Turns: 617, Time: 00:03:56

HP   0/24        AC  2     Str 14      XL: 4   Next: 84%
MP   0/5         EV 16     Int 10      God:
Gold 46          SH  0     Dex 17      Spells:  0 memorised,  3 levels left

rFire  . . .     SeeInvis .       - Unarmed
rCold  + . .     Clarity  .     a - +0 robe
rNeg   . . .     Conserve .     (no shield)
rPois  .         rCorr    .     (no helmet)
rElec  .         rRot     +     (no cloak)
SustAb . .       Spirit   +     (no gloves)
rMut   .         Warding  .     (no boots)
Saprov . . .     Stasis   .     (no amulet)
MR     .....                    s - +3 ring of evasion
                                r - ring of protection from cold

@: lethally poisoned, not resistant to hostile enchantments, fairly stealthy
A: fangs 2, regeneration 1, magic shield, antimagic bite, no device heal
a: no special abilities


You were on level 3 of the Dungeon.
You were not hungry.

You visited 1 branch of the dungeon, and saw 5 of its levels.

You collected 46 gold pieces.

Inventory:

Missiles
 j - a dart of frost (quivered)
Armour
 a - a +0 robe (worn)
Comestibles
 b - a bread ration
 k - a meat ration
Scrolls
 c - a scroll of noise {unknown}
 e - 2 scrolls of blinking {unknown}
 h - a scroll of recharging {unknown}
 l - a scroll of remove curse {unknown}
 o - a scroll of teleportation {unknown}
 p - a scroll of enchant weapon I {unknown}
 q - a scroll of identify {unknown}
Jewellery
 g - an uncursed amulet of stasis
 r - a ring of protection from cold (left hand)
 s - a +3 ring of evasion (right hand)
Potions
 d - a potion of heal wounds {unknown}
 f - a potion of flight {unknown}
 i - a potion of beneficial mutation {unknown}
 m - a potion of curing {unknown}
 n - 2 potions of brilliance {unknown}


   Skills:
 + Level 3.1 Fighting
 + Level 2.9 Dodging
 + Level 3.6 Stealth
 * Level 4.8 Unarmed Combat


You had 3 spell levels left.
You didn't know any spells.

Dungeon Overview and Level Annotations

Branches:
Dungeon (5/15)
 Temple: D:4-7

Altars:
Dithmenos

Shops:
D:4 [

Annotations:
D:4 Tinttamiau's ghost, experienced HuWz


Innate Abilities, Weirdness & Mutations

You are immune to rotting.
You have extremely sharp teeth.
Your natural rate of healing is unusually fast.
When hurt, damage is shared between your health and your magic reserves.
Your bite disrupts and absorbs the magic of your enemies.
Potions and wands cannot restore your HP.


Message History

Unknown command.
You closely miss the worker ant. Your bite misses the worker ant.
The worker ant is moderately wounded.
You feel sick. The orc barely misses you. The worker ant closely misses you.
The goblin hits you with a dagger.
Unknown command.
You closely miss the worker ant.
The worker ant is moderately wounded.
You feel sick. The worker ant bites you.
* * * LOW HITPOINT WARNING * * *
You are more poisoned.
The worker ant poisons you! The orc hits you.
* * * LOW HITPOINT WARNING * * *
The goblin hits you with a dagger.
You closely miss the worker ant.
You bite the worker ant, but do no damage.
The worker ant is moderately wounded.
* * * LOW HITPOINT WARNING * * *
You feel sick. The worker ant bites you.
You die...

#............#
#............#
.........)...#
.............#
.............#
....##########
....##############
...............ga#
.. #
....############@#
...# ###.#
#######o###...#
<.#.#
#.............#
#.#.#
#.............# #
#.#
#.............# #
#.#
#.............#
#.#.##
#...........###
.....#
#...........######
...(..
#.<##............#


You could see a worker ant, an orc and a goblin.

Vanquished Creatures
  The ghost of 4tharraofdagon the Firebug, a weakling VSWn (D:3)
  An orc priest (D:3)
  4 orcs
  A ball python (D:2)
  3 hobgoblins
  4 kobolds
  A quokka (D:3)
  3 bats
  3 giant newts
  5 goblins
  11 jackals
  An orc zombie (D:3)
  4 rats
42 creatures vanquished.

Notes
Turn   | Place    | Note
--------------------------------------------------------------
     0 | D:1      | 4tharraofdagon, the Vine Stalker Monk, began the quest for the Orb.
     0 | D:1      | Reached XP level 1. HP: 11/11 MP: 1/1
     2 | D:1      | Noticed an iron imp
     2 | D:1      | Noticed Pamenaod the pandemonium lord
     2 | D:1      | Noticed an iron imp
     3 | D:1      | Noticed an Executioner
     5 | D:1      | Noticed a red devil
    76 | D:1      | Reached XP level 2. HP: 16/16 MP: 3/3
   264 | D:2      | Found a shadowy altar of Dithmenos.
   321 | D:3      | Noticed 4tharraofdagon's ghost (weakling VSWn)
   341 | D:3      | Killed 4tharraofdagon's ghost
   341 | D:3      | Reached XP level 3. HP: 12/20 MP: 4/4
   390 | D:3      | Reached XP level 4. HP: 24/24 MP: 5/5
   539 | D:3      | COQ heere i come!!!
   577 | D:4      | Noticed Tinttamiau's ghost (experienced HuWz)
   578 | D:4      | Found Umiatat's Antique Armour Boutique.
   580 | D:5      | Entered Level 5 of the Dungeon
   617 | D:3      | Slain by a worker ant

Action                   |  1- 3 |  4- 6 || total
-------------------------+-------+-------++-------
Melee: Unarmed           |    79 |    45 ||   124
  Use: Potion            |     1 |       ||     1

Vault maps used:
D:1:      wheals_arrival_demonology, kennysheep_minor_cross
D:2:      grunt_dithmenos_smoke
D:3:      grunt_ministairs_9, uniq_jessica, uniq_crazy_yiuf_cottage, uniq_purgy
D:4:      minmay_temple_entry_trees, serial_shops, nicolae_shop_trees,
          nicolae_shop_behind_doors, nicolae_shop_stone, nicolae_shop_trees,
          nicolae_shop_statue_plus, hex_intersection, kennysheep_generic_room_2
D:5:      serial_glass, glass_columns_c, glass_columns_a, first_bread,
          uniq_pikel
